 Dungeon Crawl Stone Soup version 0.30-a0-728-gc68057be0a (webtiles) character file.

Game seed: 2986803586054278275

1821 bobo the Ruffian (level 8, -2/71 HPs)
             Began as a White Draconian Transmuter on Jan 31, 2023.
             Was a Believer of Wu Jian.
             Slain by a human
             ... wielding a +0 heavy hand axe
              (11 damage)
             ... in a bailey.
             The game lasted 00:17:23 (5560 turns).

bobo the Ruffian (White Draconian Transmuter)       Turns: 5560, Time: 00:17:24

Health: -2/71      AC:  7    Str: 15    XL:     8   Next: 85%
Magic:  15/15      EV: 18    Int: 19    God:    Wu Jian [**....]
Gold:   386        SH:  0    Dex: 12    Spells: 6/16 levels left

rFire   . . .      SeeInvis .      - Unarmed
rCold   + . .      Faith    .    (no shield)
rNeg    . . .      Spirit   .    (body armour unavailable)
rPois   .          Reflect  .    (helmet restricted)
rElec   .          Harm     .    g - +0 cloak
rCorr   .          Rampage  .    (no gloves)
Will    .....                    (no boots)
Stlth   +                        (no amulet)
HPRegen 0.31/turn                d - +5 ring of evasion
MPRegen 0.14/turn                p - +6 ring of intelligence

@: no status effects
A: breathe frost, AC +6, unfitting armour, cold resistance 1, cold-blooded
a: Breathe Frost, Renounce Religion, Wall Jump


You were in a bailey.
You worshipped Wu Jian.
Wu Jian was pleased with you.
You visited 1 branch of the dungeon, and saw 7 of its levels.
You also visited: Bailey.

You collected 386 gold pieces.

Inventory:

Armour
 g - a +0 cloak (worn)
Jewellery
 d - a +5 ring of evasion (left hand)
 p - a +6 ring of intelligence (right hand)
 r - a ring of protection from fire
 y - a ring of positive energy
Wands
 x - a wand of flame (14)
Scrolls
 f - 4 scrolls of teleportation
 h - a scroll of silence {unknown}
 j - a scroll of magic mapping
 k - 2 scrolls of vulnerability {unknown}
 m - a scroll of blinking {unknown}
 n - 2 scrolls of noise {unknown}
 s - 2 scrolls of immolation {unknown}
 u - 2 scrolls of poison {unknown}
 v - a scroll of fear {unknown}
 w - 2 scrolls of amnesia {unknown}
 z - 4 scrolls of fog
 C - 2 scrolls of identify
Potions
 a - a potion of lignification
 b - 4 potions of degeneration
 i - 2 potions of heal wounds {unknown}
 l - 2 potions of cancellation
 o - a potion of ambrosia {unknown}
 q - a potion of invisibility {unknown}
 A - a potion of mutation {unknown}
 B - a potion of haste {unknown}


   Skills:
 + Level 6.4 Fighting
 - Level 4.0 Dodging
 + Level 6.5 Unarmed Combat
 + Level 4.8 Spellcasting
 + Level 5.2 Transmutations


You had 6 spell levels left.
You knew the following spells:

 Your Spells              Type           Power      Damage    Failure   Level
a - Beastly Appendage     Tmut           48%        N/A       1%          1
q - Blink                 Tloc           8%         N/A       19%         2
s - Blade Hands           Tmut           12%        N/A       38%         5
z - Wereblood             Tmut           24%        N/A       2%          2

Your spell library contained the following spells:

 Spells                   Type           Power      Damage    Failure   Level
 Spider Form              Tmut/Pois      14%        N/A       13%         3
 Ensorcelled Hibernation  Hex/Ice        8%         N/A       19%         2
 Ozocubu's Armour         Ice            4%         N/A       36%         3
 Portal Projectile        Hex/Tloc       8%         N/A       36%         3
 Tukima's Dance           Hex            4%         N/A       36%         3
 Ice Form                 Ice/Tmut       14%        N/A       41%         4
 Anguish                  Hex/Necr       2%         N/A       77%         4
 Manifold Assault         Tloc           4%         N/A       77%         4
 Summon Ice Beast         Ice/Summ       4%         N/A       77%         4
 Metabolic Englaciation   Hex/Ice        2%         N/A       98%         5
 Summon Mana Viper        Hex/Summ       4%         N/A       98%         5
 Simulacrum               Ice/Necr       2%         N/A       100%        6
 Monstrous Menagerie      Summ           2%         N/A       100%        7
 Storm Form               Tmut/Air       7%         N/A       100%        7


Dungeon Overview and Level Annotations

Branches:
Dungeon (7/15)             Temple (0/1) D:7          Bailey (1/1)

Altars:
Cheibriados
Hepliaklqana
Makhleb
Wu Jian
Yredelemnul


Innate Abilities, Weirdness & Mutations

You can breathe waves of freezing cold which knock back foes.
Your icy white scales are hard. (AC +6)
You cannot fit into any form of body armour.
Your flesh is cold resistant. (rC+)
You are cold-blooded and may be slowed by cold attacks.


Message History

The human is heavily wounded.
The human hits you with a +0 war axe!
The human hits you with a +0 heavy hand axe!
* * * LOW HITPOINT WARNING * * *
The human hits you with a +0 war axe!
* * * LOW HITPOINT WARNING * * *
Aiming: Wall Jump
Press: ? - help, Dir - move target You repeatedly attack the human from above.
You hit the human.
The human is heavily wounded.
You hit the human.
Your tail-slap misses the human.
The human is severely wounded.
Your primal bloodlust is almost over.
The human misses you. The human closely misses you.
Okay, then.
Okay, then.
You miss the human.
The human is severely wounded.
The human barely misses you. The human hits you with a +0 war axe.
* * * LOW HITPOINT WARNING * * *
You hit the human.
The human is almost dead.
You hit the human but do no damage.
The human is almost dead.
The human misses you. The human barely misses you.
You hit the human. You tail-slap the human.
The human is almost dead.
You howl as the wereblood boils in your veins!
The human barely misses you. x2
You closely miss the human.
The human is almost dead.
The human hits you with a +0 war axe.
* * * LOW HITPOINT WARNING * * *
You miss the human. You tail-slap the human.
You feel a bit better.
You kill the human!
The Council accepts your kill.
Your primal bloodlust has ended.
The human hits you with a +0 heavy hand axe!
You die...

#.. #..##
#+##
#...##~~~##
#...#~~~~~#
#...#~~~~~
...#~~~
#)#'#
##.g@##
#..p..#
#.∩.∩.#
#.....#
##...##
#####


You could see a human and a hobgoblin.

Vanquished Creatures
  3 humans (Bailey)
  A water moccasin (D:7)
  An ogre (D:6)
  3 centaurs
  A kobold brigand (D:4)
  A gnoll sergeant (D:6)
  2 bullfrogs (Bailey)
  2 scorpions
  4 killer bees
  A jelly (D:5)
  2 orc priests (D:3)
  A hound (D:5)
  Crazy Yiuf (D:3)
  3 iguanas
  3 orc wizards (D:3)
  10 gnolls
  4 adders
  A shadow imp (D:6)
  3 worms
  2 dart slugs
  16 orcs
  14 ball pythons
  4 endoplasms
  3 giant cockroaches
  11 goblins
  13 hobgoblins
  3 jackals (D:2)
  3 quokkas
  6 bats
  5 frilled lizards
  7 kobolds
  4 rats
138 creatures vanquished.

Notes
Turn   | Place    | Note
-------+----------+-------------------------------------------
     0 | D:1      | bobo the Draconian Transmuter began the quest for the Orb.
     0 | D:1      | Reached XP level 1. HP: 16/16 MP: 3/3
    74 | D:1      | Reached XP level 2. HP: 23/23 MP: 3/5
    87 | D:1      | Learned a level 2 spell: Wereblood
   210 | D:1      | Learned a level 2 spell: Blink
   683 | D:2      | Reached XP level 3. HP: 29/29 MP: 1/6
   904 | D:2      | Found a faded altar of an unknown god.
  1234 | D:2      | Identified the +7 flail "Inlaleef" {drain, rN+}
  1517 | D:3      | Reached XP level 4. HP: 37/37 MP: 5/7
  1546 | D:3      | Found an ornate altar of the Wu Jian Council.
  1588 | D:3      | Reached XP level 5. HP: 4/45 MP: 6/8
  1743 | D:3      | Became a worshipper of the Wu Jian Council
  1833 | D:3      | HP: 2/45 [orc/+0 heavy flail (8)]
  2125 | D:3      | Found a runed translucent door.
  2126 | D:3      | Noticed Crazy Yiuf
  2131 | D:3      | Killed Crazy Yiuf
  2132 | D:3      | Reached XP level 6. HP: 52/52 MP: 9/9
  2407 | D:3      | Found a burning altar of Makhleb.
  2558 | D:3      | Reached * piety under Wu Jian
  3064 | D:4      | Found a basalt altar of Yredelemnul.
  3511 | D:5      | Entered Level 5 of the Dungeon
  3831 | D:5      | Your scales start taking on an icy white colour.
  3831 | D:5      | Reached XP level 7. HP: 58/59 MP: 7/11
  3831 | D:5      | Gained mutation: Your flesh is cold resistant. (rC+) [White
                  | Draconian growth]
  4238 | D:6      | Reached skill level 5 in Unarmed Combat
  4412 | D:6      | Reached ** piety under Wu Jian
  4413 | D:6      | Reached skill level 5 in Fighting
  4528 | D:6      | Found a snail-covered altar of Cheibriados.
  4753 | D:6      | Found a hazy altar of Hepliaklqana.
  5060 | D:7      | Reached XP level 8. HP: 18/68 MP: 13/13
  5267 | D:6      | Learned a level 5 spell: Blade Hands
  5388 | D:7      | Found a flagged portal.
  5393 | Bailey   | Entered a bailey
  5539 | Bailey   | Reached skill level 5 in Transmutations
  5560 | Bailey   | Slain by a human

Illustrated notes

Levels and vault maps discovered:
D:1:      lightli_arrival_statue_moat, layout_rooms, kennysheep_crisscross,
          dreamdust_princess_corridor
D:2:      cheibrodos_old_hovel, layout_basic,
          hellmonk_ecumenical_altar_inner_sanctum, minmay_joined_circles
D:3:      layout_basic, nicolae_overflow_crystal_walls,
          mainiacjoe_overflow_alcove_2, uniq_crazy_yiuf_cottage
D:4:      cheibrodos_quashed, layout_cave_pods, mainiacjoe_overflow_chevrons
D:5:      layout_rooms
D:6:      layout_basic, kennysheep_slug_shrine,
          worldfamousw_hep_ancestral_shrine
D:7:      layout_rooms, lemuel_temple_firewalk_b, enter_bailey_3
Bailey:   bailey_axe_froggy_fort_hellmonk, bailey

Skill      XL: |  1  2  3  4  5  6  7  8 |
---------------+-------------------------+-----
Dodging        | 2 3 4 |  4.0
Fighting       | 2 3 4 5 6 |  6.4
Unarmed Combat | 4 5 6 |  6.5
Transmutations | 4 5 |  5.2
Spellcasting   | 3 4 |  4.8

Action                     |  1- 3 |  4- 6 |  7- 9 || total
---------------------------+-------+-------+-------++-------
  Melee: Unarmed           |   110 |   189 |   163 ||   462
         Headbutt          |    11 |    16 |    14 ||    41
         Kick              |    20 |    38 |    33 ||    91
         Tailslap          |     6 |    18 |    25 ||    49
         Punch             |     1 |     2 |     4 ||     7
   Cast: Beastly Appendage |    25 |    33 |    13 ||    71
         Wereblood         |     4 |     7 |     5 ||    16
Ability: Lunge             |       |    27 |    12 ||    39
         Breathe Frost     |       |       |     7 ||     7
         Whirlwind         |       |       |     5 ||     5
         Wall Jump         |       |       |     5 ||     5
    Use: Scroll            |     2 |     4 |     2 ||     8
         Potion            |       |     3 |     6 ||     9
   Stab: Sleeping          |     1 |     1 |       ||     2
 Armour: Skin              |    17 |    53 |    46 ||   116
  Dodge: Dodged            |    85 |   127 |   175 ||   387

Table legend: (Time is in decaauts)
 A = Elapsed time spent in this place.
 B = Non-inter-level travel time spent in this place.
 C = Inter-level travel time spent in this place.
 D = Time resting spent in this place.
 E = Time spent auto-exploring this place.
 F = Levels seen in this place.
 G = Mean time per level.
                   A        B        C        D        E       F      G
               +--------+--------+--------+--------+--------+-----+--------+
         Total |   5534 |   5393 |    141 |    971 |   3251 |   8 |  691.8 |
       Dungeon |   5368 |   5227 |    141 |    845 |   3251 |   7 |  766.9 |
        Bailey |    166 |    166 |      0 |    126 |      0 |   1 |  166.0 |
               +--------+--------+--------+--------+--------+-----+--------+

Top non-repeatable levels by time:
     D:3: 1217 daAuts
     D:6: 1082 daAuts
     D:2: 907 daAuts
     D:4: 822 daAuts
     D:5: 649 daAuts
     D:1: 545 daAuts
  Bailey: 166 daAuts
     D:7: 144 daAuts
